 Dungeon Crawl Stone Soup version 0.29-a0-550-g81e455f4c2 (webtiles) character file.

Game seed: 14506875067103420210

37 Lekart the Ruffian (level 3, -3/42 HPs)
             Began as a Draconian Transmuter on June 5, 2022.
             Slain by Terence
             ... wielding a +2 hand axe of electrocution
              (17 damage)
             ... on level 2 of the Dungeon.
             The game lasted 00:02:41 (1742 turns).

Lekart the Ruffian (Draconian Transmuter)           Turns: 1742, Time: 00:02:42

Health: -3/42      AC: 21    Str:  9 (12) XL:     3   Next: 21%
Magic:  3/6        EV:  2    Int: 14 (15) God:
Gold:   108        SH:  0    Dex:  9 (11) Spells: 4/6 levels left

rFire   . . .      SeeInvis .     - Unarmed
rCold   . . .      Faith    .   (no shield)
rNeg    . . .      Spirit   .   (body armour unavailable)
rPois   +          Reflect  .   (helmet currently unavailable)
rElec   .          Harm     .   (cloak currently unavailable)
rCorr   .          Rampage  .   (gloves currently unavailable)
Will    .....      NoTele   +   (boots currently unavailable)
Stlth   +.........              (no amulet)
HPRegen 0.14/turn               (no ring)
MPRegen 0.10/turn               (no ring)

@: tree-form, wereblooded
A: stationary, stasis, torment immunity, boosted hp, AC +5, unfitting armour,
(cold-blooded)
a: no special abilities


You were on level 2 of the Dungeon.
You were a tree.
You visited 1 branch of the dungeon, and saw 2 of its levels.

You collected 108 gold pieces.

Inventory:

Jewellery
 j - a ring of protection from fire
Scrolls
 b - a scroll of amnesia
 e - 3 scrolls of blinking
 h - a scroll of vulnerability {unknown}
 i - a scroll of identify
Potions
 a - 2 potions of lignification
 c - 4 potions of curing
 d - 3 potions of magic
 f - 2 potions of attraction


   Skills:
 + Level 1.3 Fighting
 + Level 1.9 Dodging
 + Level 3.6 Unarmed Combat
 + Level 2.3 Spellcasting
 + Level 2.4 Transmutations


You had 4 spell levels left.
You knew the following spells:

 Your Spells              Type           Power      Damage    Failure   Level
a - Wereblood             Tmut           8%         N/A       13%         2

Your spell library contained the following spells:

 Spells                   Type           Power      Damage    Failure   Level
 Beastly Appendage        Tmut           16%        N/A       9%          1
 Magic Dart               Conj           4%         1d3       24%         1
 Call Imp                 Summ           1%         N/A       34%         2
 Spider Form              Tmut/Pois      5%         N/A       38%         3
 Mephitic Cloud           Conj/Pois/Air  1%         N/A       56%         3
 Ice Form                 Ice/Tmut       5%         N/A       80%         4
 Petrify                  Tmut/Erth      5%         N/A       80%         4
 Metabolic Englaciation   Hex/Ice        0%         N/A       100%        5
 Statue Form              Tmut/Erth      3%         N/A       100%        6


Dungeon Overview and Level Annotations

Branches:
Dungeon (2/15)

Altars:

Annotations:
D:2 Terence


Innate Abilities, Weirdness & Mutations

You are a tree.
Your roots penetrate the ground, keeping you stationary.
You cannot be teleported.
You are immune to unholy pain and torment.
Your maximum health is greatly increased.
Your equipment is partially melded.
((Your plain brown scales are hard. (AC +5)))
You cannot fit into any form of body armour.
((You are cold-blooded and may be slowed by cold attacks.))


Message History

You miscast Wereblood.
You are very lightly contaminated with residual magic.
Nothing appears to happen.
Really quaff the potion of lignification?
You turn into a tree.
Your roots penetrate the ground.
Terence hits you with a +2 hand axe of electrocution.
You hit Terence but do no damage.
Terence says, "Rest in peace."
Terence hits you but does no damage.
You hit Terence.
Terence is lightly wounded.
Terence hits you but does no damage.
You barely miss Terence.
Terence is lightly wounded.
Terence hits you with a +2 hand axe of electrocution.
You hit Terence but do no damage.
Terence is lightly wounded.
Terence hits you but does no damage.
You hit Terence.
Terence is lightly wounded.
Terence hits you with a +2 hand axe of electrocution.
You smack Terence!
Terence is severely wounded.
Terence barely misses you.
Your magical contamination has completely faded away.
You smack Terence!
Terence is almost dead.
You hit Terence but do no damage.
Terence is almost dead.
Terence hits you but does no damage.
You hit Terence but do no damage.
Terence is almost dead.
Terence hits you with a +2 hand axe of electrocution.
You hit Terence but do no damage.
Terence is almost dead.
Terence hits you but does no damage.
You are electrocuted!
You hit Terence but do no damage.
Terence is almost dead.
Terence hits you but does no damage.
You are electrocuted!
You die...

#......#....÷.###.....###....#
########.>....##..##.####.##..
#........).###.# #..###.
...#.....#### #.# #.####.
.###...<.# #.###<##...
.......######..........
.........##.....##....##
....###.....##..##.##### ....
#.♣##.####.##.# # ##...@###..#
#.#### # ......# ##.###.#
...... #.....# ...<. #####.#
..... ### .... ####


You could see Terence.

Vanquished Creatures
  An adder (D:2)
  A dart slug (D:1)
  2 bats
  2 endoplasms
  A giant cockroach (D:2)
  3 goblins (D:1)
  3 hobgoblins
  2 kobolds (D:2)
  3 quokkas (D:1)
  A ball python (D:2)
  2 frilled lizards
  A rat (D:2)
22 creatures vanquished.

Notes
Turn   | Place    | Note
-------+----------+-------------------------------------------
     0 | D:1      | Lekart the Draconian Transmuter began the quest for the
                  | Orb.
     0 | D:1      | Reached XP level 1. HP: 16/16 MP: 3/3
   282 | D:1      | Reached XP level 2. HP: 8/23 MP: 3/5
  1256 | D:2      | Learned a level 2 spell: Wereblood
  1505 | D:2      | Reached XP level 3. HP: 28/28 MP: 4/6
  1582 | D:2      | Found a faded altar of an unknown god.
  1726 | D:2      | Noticed Terence
  1742 | D:2      | Slain by Terence

Illustrated notes

Levels and vault maps discovered:
D:1:      evilmike_arrival_hilbert_curve, layout_loops_corners
D:2:      layout_rooms, shapermc_ecumenical_altar_totnotflames, uniq_terence

Action                   || total
-------------------------++-------
Melee: Unarmed           ||    59
       Tailslap          ||     6
       Headbutt          ||     3
       Kick              ||     2
       Punch             ||     2
 Cast: Beastly Appendage ||    12
       Wereblood         ||     6
  Use: Scroll            ||     6
       Potion            ||     4
 Stab: Sleeping          ||     1
Armor: Skin              ||    13
Dodge: Dodged            ||    24

Table legend: (Time is in decaauts)
 A = Elapsed time spent in this place.
 B = Non-inter-level travel time spent in this place.
 C = Inter-level travel time spent in this place.
 D = Time resting spent in this place.
 E = Time spent auto-exploring this place.
 F = Levels seen in this place.
 G = Mean time per level.
                   A        B        C        D        E       F      G
               +--------+--------+--------+--------+--------+-----+--------+
         Total |   1738 |   1708 |     30 |    303 |   1181 |   2 |  869.0 |
       Dungeon |   1738 |   1708 |     30 |    303 |   1181 |   2 |  869.0 |
               +--------+--------+--------+--------+--------+-----+--------+

Top non-repeatable levels by time:
     D:1: 1250 daAuts
     D:2: 488 daAuts
